 Dungeon Crawl Stone Soup version 0.21.1-1-g345015f (webtiles) character file.

39727 zishaf the Carver (level 13, -19/177 HPs)
             Began as a Minotaur Berserker on May 11, 2018.
             Was the Champion of Trog.
             Demolished by a stone giant (28 damage)
             ... on level 14 of the Dungeon.
             The game lasted 00:42:53 (13427 turns).

zishaf the Carver (Minotaur Berserker)             Turns: 13427, Time: 00:42:54

Health: -19/177    AC: 19    Str: 33    XL:     13   Next: 70%
Magic:  0/14       EV: 24    Int:  4    God:    Trog [******]
Gold:   977        SH:  0    Dex: 17    Spells: 12/12 levels left

rFire    . . .     SeeInvis +   r - +1 great sword (venom)
rCold    . . .     Gourm    .   (shield currently unavailable)
rNeg     . . .     Faith    .   D - +8 ring mail of the Endless Tales {rElec SInv}
rPois    .         Spirit   +   (helmet restricted)
rElec    +         Reflect  .   I - +0 cloak {MR+}
rCorr    .         Harm     .   (no gloves)
MR       +....                  M - +1 pair of boots of the Other World {+Blink Dex+6}
Stlth    ..........             i - amulet of guardian spirit
HPRegen  0.39/turn              b - +6 ring of evasion
MPRegen  0.14/turn              p - +2 ring of strength

@: berserking, lethally poisoned (-19 -> -45), very quick
A: retaliatory headbutt, horns 2
a: Berserk, Trog's Hand, Brothers in Arms, Burn Spellbooks, Renounce Religion,
Evoke Blink


You were on level 14 of the Dungeon.
You worshipped Trog.
Trog was exalted by your worship.
You were hungry.

You visited 1 branch of the dungeon, and saw 14 of its levels.

You collected 977 gold pieces.

Inventory:

Hand Weapons
 m - a +4 demon trident
 r - a +1 great sword of venom (weapon)
 J - a +4 scimitar of flaming
 L - a +2 antimagic battleaxe
 N - a +1 shortbow of freezing
Missiles
 O - 358 arrows
Armour
 D - the +8 ring mail of the Endless Tales (worn) {rElec SInv}
   (You found it on level 8 of the Dungeon)

   It insulates you from electricity.
   It lets you see invisible.
 I - a +0 cloak of magic resistance (worn)
 M - the +1 pair of boots of the Other World (worn) {+Blink Dex+6}
   (You found it on level 11 of the Dungeon)

   It affects your dexterity (+6).
   It lets you blink.
Jewellery
 b - a +6 ring of evasion (left hand)
 i - an amulet of guardian spirit (around neck)
 p - a +2 ring of strength (right hand)
 q - an uncursed ring of poison resistance
 w - an uncursed ring of stealth {unknown}
 A - an uncursed amulet of magic regeneration
 G - a +2 ring of evasion
Wands
 l - a wand of iceblast (21)
 u - a wand of polymorph (12)
 v - a wand of digging (36)
 R - a wand of random effects (17)
Scrolls
 d - 5 scrolls of remove curse
 h - 4 scrolls of blinking
 j - 9 scrolls of teleportation
 k - a scroll of random uselessness {unknown}
 n - 3 scrolls of enchant armour
 o - a scroll of magic mapping {unknown}
 y - 2 scrolls of fog {unknown}
 F - 2 scrolls of vulnerability {unknown}
 H - 2 scrolls of fear {unknown}
 K - 2 scrolls of enchant weapon {unknown}
 P - a scroll of acquirement {unknown}
 Q - 2 scrolls of summoning {unknown}
Potions
 e - 3 potions of resistance
 f - a potion of flight
 g - 7 potions of curing
 s - 3 potions of invisibility
 t - 2 potions of ambrosia
 x - a potion of agility
 z - a potion of brilliance
 E - 2 potions of might
 S - 2 potions of berserk rage {unknown}
 U - a potion of heal wounds {unknown}
Comestibles
 a - 12 chunks of flesh
 c - 21 rations


   Skills:
 - Level 12.0 Fighting
 + Level 14.1 Long Blades
 - Level 10.2 Axes
 - Level 10.0 Bows
 - Level 12.0 Armour
 - Level 10.0 Dodging
 - Level 3.0 Evocations


You had 12 spell levels left.
You didn't know any spells.

Dungeon Overview and Level Annotations

Branches:
Dungeon (14/15)            Temple (0/1) D:6            Lair (0/6) D:9
    Orc (0/2) D:11         Vaults (0/5) D:13

Altars:
Cheibriados
Dithmenos
Elyvilon
Fedhas
Kikubaaqudgha
Ru
Sif Muna
Uskayaw
Wu Jian
Xom
The Shining One

Shops:
D:9 *   D:10 (   D:12 }


Innate Abilities, Weirdness & Mutations

You reflexively headbutt those who attack you in melee.
You have a pair of horns on your head.


Message History

The emperor scorpion is severely wounded.
* * * LOW HITPOINT WARNING * * *
You feel sick. The emperor scorpion misses you. You furiously retaliate!
You headbutt the emperor scorpion.
The emperor scorpion completely misses you.
The emperor scorpion claws you but does no damage.
A centaur warrior simulacrum comes into view.
You slice the emperor scorpion!!
You kill the emperor scorpion!
Trog accepts your kill.
Your Long Blades skill increases to level 14!
* * * LOW HITPOINT WARNING * * *
You feel sick.
The centaur warrior simulacrum moves out of view.
You slice the stone giant like a ripe choko!!!
You headbutt the stone giant!
The stone giant is severely wounded.
* * * LOW HITPOINT WARNING * * *
You feel sick. The stone giant hits you!!
You die...

...# ..............# .'#.
##########.......# ##..
##.......##.#####.# #....
##.........).#####.#
...s##...(.....##.......#
#'....########.......#
##....##..............#
#....####.............#
#....#sC@##......####..#
#....##.(..##...)÷# #..#
#...# #...(.##....# #..#
#... ##...(?##...# #..#
#... ##..((##...# #..#
#... ##(!##....# ..# #.
####.........
#.......§...
.............


You could see a stone giant and a redback.

Vanquished Creatures
  An emperor scorpion (shapeshifter) (D:14)
  A stone giant (D:14)
  3 vault guards (D:13)
  3 centaur warriors
  Erica (D:10)
  9 two-headed ogres
  2 tengu warriors (D:13)
  Urug (D:13)
  4 unseen horrors
  A wizard (D:13)
  2 necromancers (D:13)
  2 deep elf magi
  Pikel (D:6)
  A manticore (D:13)
  An ugly thing (D:13)
  An elephant (D:9)
  A cyclops (D:13)
  Maurice (D:10)
  Psyche (D:8)
  A gargoyle (D:12)
  A yaktaur (D:13)
  An efreet (D:14)
  A queen bee (D:8)
  The ghost of Wesley the Conjurer, an amateur DrCj (D:4)
  5 trolls
  2 hornets
  10 slime creatures
  4 hippogriffs
  A wyvern (D:14)
  12 yaks
  A vampire (D:12)
  15 humans (D:13)
  Grum (D:10)
  A basilisk (D:9)
  A warg (D:11)
  A steam dragon (D:10)
  2 water moccasins
  Purgy (D:4)
  2 slaves (D:6)
  A hornet zombie (D:10)
  12 orc warriors
  A black bear (D:13)
  3 ice beasts
  2 sky beasts
  2 necrophages (D:10)
  5 phantoms
  An eye of draining (D:10)
  3 wolves (D:10)
  7 ogres
  20 centaurs
  A crocodile (D:9)
  2 big kobolds (D:11)
  9 bullfrogs
  A gnoll sergeant (D:13)
  A water moccasin zombie (D:7)
  10 scorpions
  10 killer bees (D:8)
  3 wights (D:6)
  A howler monkey (D:14)
  8 crimson imps
  3 bullfrog zombies
  A centaur zombie (D:5)
  A gnoll shaman (D:5)
  4 hounds
  11 orc priests
  A jelly (D:6)
  3 iguanas
  16 orc wizards
  5 worker ants
  A killer bee zombie (D:8)
  4 hound skeletons
  A hound zombie (D:6)
  12 gnolls
  15 adders
  8 shadow imps
  2 oozes
  2 adder skeletons
  2 adder zombies
  2 dart slugs
  5 leopard geckos
  40 orcs
  2 ball pythons
  10 bats
  A bat zombie (D:2)
  2 giant cockroaches
  4 goblins
  9 hobgoblins
  4 jackals
  A kobold (shapeshifter) (D:12)
  11 quokkas
  9 frilled lizards
  A giant cockroach zombie (D:6)
  15 kobolds
  2 quokka skeletons
  A rat (shapeshifter) (D:12)
  11 rats
426 creatures vanquished.

Vanquished Creatures (others)
  An ogre (D:13)
  An orc (D:6)
2 creatures vanquished.

Grand Total: 428 creatures vanquished

Notes
Turn   | Place    | Note
-------+----------+-------------------------------------------
     0 | D:1      | zishaf the Minotaur Berserker began the quest for the Orb.
     0 | D:1      | Reached XP level 1. HP: 19/19 MP: 0/0
    73 | D:1      | Reached XP level 2. HP: 26/26 MP: 1/1
   786 | D:2      | Reached skill level 5 in Axes
   786 | D:2      | Reached XP level 3. HP: 17/31 MP: 2/2
  1168 | D:2      | Reached ** piety under Trog
  1385 | D:2      | Reached XP level 4. HP: 38/39 MP: 3/3
  1390 | D:2      | Found an ancient bone altar of Kikubaaqudgha.
  2064 | D:3      | Reached XP level 5. HP: 45/45 MP: 4/4
  2280 | D:3      | Found an ornate altar of the Wu Jian Council.
  2397 | D:3      | Reached *** piety under Trog
  2855 | D:4      | Noticed Purgy
  2864 | D:4      | Killed Purgy
  2864 | D:4      | Reached XP level 6. HP: 51/51 MP: 3/5
  3062 | D:4      | Noticed Wesley's ghost (amateur DrCj)
  3076 | D:4      | Killed Wesley's ghost
  3076 | D:4      | Reached XP level 7. HP: 57/57 MP: 6/6
  3118 | D:4      | Reached skill level 10 in Axes
  3544 | D:5      | Entered Level 5 of the Dungeon
  3644 | D:5      | Reached skill level 1 in Evocations
  3655 | D:5      | Reached XP level 8. HP: 61/67 MP: 7/7
  4099 | D:5      | Noticed a hand axe
  4101 | D:5      | Noticed a hand axe
  4103 | D:5      | Found a hide-covered altar of Uskayaw.
  4119 | D:5      | Reached skill level 5 in Fighting
  4234 | D:5      | Found a shadowy altar of Dithmenos.
  4288 | D:5      | Found a deep blue altar of Sif Muna.
  4823 | D:6      | Noticed Pikel
  4847 | D:6      | Killed Pikel
  4847 | D:6      | Reached skill level 2 in Long Blades
  4861 | D:6      | Reached skill level 3 in Long Blades
  4912 | D:6      | Reached **** piety under Trog
  4912 | D:6      | Reached skill level 4 in Long Blades
  4912 | D:6      | Reached XP level 9. HP: 67/74 MP: 10/10
  4932 | D:6      | Reached skill level 5 in Long Blades
  4955 | D:6      | Found a glowing golden altar of the Shining One.
  5479 | D:6      | Reached skill level 6 in Long Blades
  5622 | D:6      | Found a staircase to the Ecumenical Temple.
  5811 | D:7      | Noticed a troll
  5815 | D:7      | Reached skill level 7 in Long Blades
  5818 | D:7      | Killed a troll
  6211 | D:8      | Noticed a two-headed ogre
  6220 | D:8      | Killed a two-headed ogre
  6220 | D:8      | Reached skill level 5 in Dodging
  6487 | D:8      | Noticed Psyche
  6490 | D:8      | Killed Psyche
  6490 | D:8      | Reached XP level 10. HP: 86/86 MP: 11/11
  6634 | D:8      | Noticed a two-headed ogre
  6642 | D:8      | Killed a two-headed ogre
  6838 | D:8      | Reached ***** piety under Trog
  6992 | D:8      | Noticed a two-headed ogre
  7002 | D:8      | Killed a two-headed ogre
  7032 | D:8      | Killed an unseen horror
  8033 | D:8      | Got a bloodstained ring mail
  8044 | D:8      | Identified the +8 ring mail of the Endless Tales {rElec SInv} (You found it on level 8 of the Dungeon)
  8169 | D:9      | Noticed a two-headed ogre
  8181 | D:9      | Killed a two-headed ogre
  8181 | D:9      | Reached skill level 10 in Armour
  8253 | D:9      | Reached XP level 11. HP: 99/99 MP: 12/12
  8255 | D:9      | Found a staircase to the Lair.
  8282 | D:9      | Reached skill level 10 in Fighting
  8353 | D:9      | Noticed a two-headed ogre
  8363 | D:9      | Killed a two-headed ogre
  8621 | D:9      | Found Rusaeck's Demolitions Depot.
  8817 | D:9      | Found a blossoming altar of Fedhas.
  8904 | D:9      | Found a white marble altar of Elyvilon.
  8975 | D:9      | Found a sacrificial altar of Ru.
  9047 | D:9      | Found a snail-covered altar of Cheibriados.
  9142 | D:10     | Entered Level 10 of the Dungeon
  9155 | D:10     | Reached skill level 10 in Dodging
  9212 | D:10     | Found Oguheqa's Antique Weapon Emporium.
  9243 | D:10     | Reached skill level 8 in Long Blades
  9295 | D:10     | Noticed Maurice
  9303 | D:10     | Killed Maurice
  9377 | D:10     | Noticed Erica
  9383 | D:10     | Killed Erica
  9383 | D:10     | Reached skill level 9 in Long Blades
  9457 | D:10     | Reached skill level 10 in Long Blades
  9858 | D:10     | Noticed Grum
  9864 | D:10     | Killed Grum
  9931 | D:10     | Received a gift from Trog
 10074 | D:11     | Noticed a two-headed ogre
 10074 | D:11     | Noticed an unseen horror
 10079 | D:10     | Killed a two-headed ogre
 10234 | D:11     | Found a staircase to the Orcish Mines.
 10235 | D:11     | Noticed a two-headed ogre
 10248 | D:11     | Killed a two-headed ogre
 10248 | D:11     | Reached XP level 12. HP: 97/110 MP: 11/13
 10311 | D:11     | Got a pair of warped boots
 10322 | D:11     | Identified the +1 pair of boots of the Other World {+Blink Dex+6} (You found it on level 11 of the Dungeon)
 10649 | D:11     | Noticed a two-headed ogre
 10656 | D:11     | Killed a two-headed ogre
 10931 | D:11     | Reached skill level 1 in Bows
 10935 | D:11     | Reached ****** piety under Trog
 11200 | D:12     | Noticed a centaur warrior
 11206 | D:12     | Killed a centaur warrior
 11227 | D:12     | Noticed a two-headed ogre
 11242 | D:12     | Killed a two-headed ogre
 11309 | D:12     | Reached skill level 5 in Bows
 11317 | D:12     | Found a shimmering altar of Xom.
 11317 | D:12     | Found a shimmering altar of Xom.
 11317 | D:12     | Found a shimmering altar of Xom.
 11317 | D:12     | Found a shimmering altar of Xom.
 11318 | D:12     | Found a shimmering altar of Xom.
 11367 | D:12     | Found Aqa Seni's Gadget Boutique.
 11504 | D:12     | Received a gift from Trog
 11946 | D:13     | Noticed a tengu warrior
 11946 | D:13     | Noticed a tengu warrior
 11955 | D:13     | Killed a tengu warrior
 11965 | D:13     | Killed a tengu warrior
 12457 | D:13     | Reached XP level 13. HP: 118/118 MP: 10/14
 12502 | D:13     | Found a gate to the Vaults.
 12509 | D:13     | Reached skill level 10 in Bows
 12644 | D:13     | Reached skill level 11 in Long Blades
 12822 | D:13     | Received a gift from Trog
 12894 | D:13     | Noticed Urug
 12918 | D:13     | Killed Urug
 12919 | D:13     | Reached skill level 12 in Long Blades
 13294 | D:14     | Reached skill level 13 in Long Blades
 13399 | D:14     | Noticed a golden dragon
 13407 | D:14     | Noticed a shadow dragon
 13407 | D:14     | Noticed a stone giant
 13407 | D:14     | a shadow dragon changed into a stone giant
 13410 | D:14     | Noticed a stone giant
 13411 | D:14     | Noticed an emperor scorpion
 13411 | D:14     | Noticed a stone giant
 13424 | D:14     | Killed a stone giant
 13426 | D:14     | Killed an emperor scorpion
 13426 | D:14     | Reached skill level 14 in Long Blades
 13427 | D:14     | Demolished by a stone giant

Skill      XL: |  1  2  3  4  5  6  7  8  9 10 11 12 13 |
---------------+----------------------------------------+-----
Axes           | 4 5 6 7 8 9 10 | 10.2
Fighting       | 4 5 7 9 11 12 | 12.0
Armour         | 3 6 7 10 11 12 | 12.0
Dodging        | 3 4 6 8 10 | 10.0
Evocations     | 1 2 3 |  3.0
Long Blades    | 4 7 10 14 | 14.1
Bows           | 9 10 | 10.0

Action                   |  1- 3 |  4- 6 |  7- 9 | 10-12 | 13-15 || total
-------------------------+-------+-------+-------+-------+-------++-------
Melee: Hand axe          |    70 |   106 |   182 |       |       ||   358
       Headbutt          |    10 |    11 |    57 |   144 |    61 ||   283
       Great sword       |       |       |    60 |   400 |   126 ||   586
Invok: Berserk           |       |     3 |     6 |    10 |     3 ||    22
       Trog's Hand       |       |     1 |       |     1 |       ||     2
       Burn Spellbooks   |       |       |     1 |     2 |     1 ||     4
Evoke: Wand              |       |       |       |     1 |       ||     1
  Use: Scroll            |       |     8 |     4 |     4 |       ||    16
 Stab: Sleeping          |     1 |       |       |       |       ||     1
  Eat: Chunk             |     1 |     6 |    12 |    27 |     6 ||    52
       Ration            |       |     1 |     1 |     1 |       ||     3
Armor: Animal skin       |     9 |       |       |       |       ||     9
       Ring mail         |     9 |    24 |       |   126 |    44 ||   203
       Plate armour      |       |    13 |    70 |    50 |       ||   133
Dodge: Dodged            |    43 |    83 |   163 |   586 |   171 ||  1046
       Rpst.: Great sword |       |       |    16 |   131 |    47 ||   194
